 Dungeon Crawl Stone Soup version 0.21.1-1-g345015fe64 (webtiles) character file.

1026 Oravi the Martial Artist (level 8, -3/54 HPs)
             Began as a Merfolk Transmuter on May 15, 2018.
             Slain by a centaur (8 damage)
             ... on level 5 of the Dungeon.
             The game lasted 00:10:17 (4061 turns).

Oravi the Martial Artist (Merfolk Transmuter)       Turns: 4061, Time: 00:10:18

Health: -3/54      AC:  2    Str: 10    XL:     8   Next: 23%
Magic:  11/11      EV: 18    Int: 15    God:
Gold:   108        SH:  0    Dex: 19    Spells: 5/11 levels left

rFire    . . .     SeeInvis .     - Unarmed
rCold    . . .     Gourm    .   (shield currently unavailable)
rNeg     . . .     Faith    .   (armour currently unavailable)
rPois    x         Spirit   .   (helmet currently unavailable)
rElec    .         Reflect  .   (cloak currently unavailable)
rCorr    .         Harm     .   (gloves currently unavailable)
MR       .....                  (boots currently unavailable)
Stlth    ++........             (no amulet)
HPRegen  0.18/turn              e - ring of flight
MPRegen  0.12/turn              (no ring)

@: spider-form (expiring), flying, constricted
A: tiny, (change form in water), (swift swim), (stealthy swim)
a: End Transformation


You were on level 5 of the Dungeon.
You were not hungry.
You were a venomous arachnid creature.
You visited 1 branch of the dungeon, and saw 5 of its levels.

You collected 108 gold pieces.

Inventory:

Missiles
 a - 36 arrows
Armour
 b - a +1 robe (melded)
 h - a cursed +0 leather armour
Jewellery
 e - a ring of flight (left front leg)
Scrolls
 i - a scroll of identify
 j - a scroll of remove curse
 k - a scroll of teleportation {unknown}
 l - a scroll of noise {unknown}
Potions
 g - 2 potions of lignification
Books
 c - a book of Changes

   Spells                             Type                      Level
   a - Beastly Appendage              Transmutation                1
   b - Sticks to Snakes               Transmutation                2
   c - Spider Form                    Transmutation/Poison         3
   d - Ice Form                       Ice/Transmutation            4
   e - Blade Hands                    Transmutation                5
Comestibles
 d - 10 rations
 n - a chunk of flesh


   Skills:
 - Level 1.1 Fighting
 + Level 3.1 Dodging
 - Level 10.0 Unarmed Combat
 - Level 2.0 Spellcasting
 - Level 5.0 Transmutations


You had 5 spell levels left.
You knew the following spells:

 Your Spells              Type           Power        Failure   Level  Hunger
a - Spider Form           Tmut/Pois      #.........   45%         3    ###....
b - Sticks to Snakes      Tmut           ###.....     13%         2    ###....
c - Beastly Appendage     Tmut           ###...       10%         1    #......


Dungeon Overview and Level Annotations

Branches:
Dungeon (5/15)
 Temple: D:4-7

Altars:
Ru
Yredelemnul

Shops:
D:5 *

Annotations:
D:3 Schimscham's ghost, amateur BaSu
D:5 VanClaymore's ghost, novice OpTm


Message History

* * * LOW HITPOINT WARNING * * *
The ball python constricts you.
You hit the centaur.
The centaur is poisoned.
The centaur is lightly wounded.
The centaur closely misses you. The ball python misses you.
* * * LOW HITPOINT WARNING * * *
The ball python constricts you.
You completely miss the centaur.
The centaur is lightly wounded.
The centaur barely misses you. The ball python closely misses you.
The ball python constricts you.
You hit the centaur but do no damage.
The centaur looks as sick as possible!
The centaur is moderately wounded.
The centaur completely misses you. VanClaymore's ghost barely misses you.
The ball python closely misses you. The ball python constricts you.
The centaur misses you.
You hit the centaur.
The centaur looks as sick as possible!
The centaur is severely wounded.
VanClaymore's ghost misses you. The centaur hits you!
You die...

#.# #.#.........##
#.###.#......).... .##
#...............## >...
#..##.#....<....# ...
#(..............#
#.##∩>.###.........#
####..†(.....###.######
.......($###.# ..#
##....Ws.# #......
.....Z.Sc# ##......
#........)# #.......
...####....##.#.# .#.
##...# # .... .....
.#....


You could see a centaur, VanClaymore's ghost, a ball python and a leopard gecko
skeleton.

Vanquished Creatures
  Pikel (D:3)
  Eustachio (D:4)
  Edmund (D:4)
  A slave (D:3)
  An ogre (D:5)
  A hound (D:5)
  2 orc wizards
  3 gnolls (D:4)
  6 adders
  An ooze (D:1)
  2 worms
  A dart slug (D:3)
  2 leopard geckos
  3 orcs
  2 ball pythons
  2 giant cockroaches (D:1)
  3 goblins
  6 hobgoblins
  2 quokkas
  7 bats
  A frilled lizard (D:1)
  9 kobolds
  5 rats
63 creatures vanquished.

Notes
Turn   | Place    | Note
-------+----------+-------------------------------------------
     0 | D:1      | Oravi the Merfolk Transmuter began the quest for the Orb.
     0 | D:1      | Reached XP level 1. HP: 15/15 MP: 3/3
     1 | D:1      | Noticed an electric eel
   271 | D:1      | Reached XP level 2. HP: 20/21 MP: 3/5
   885 | D:2      | Reached XP level 3. HP: 24/26 MP: 4/6
   900 | D:2      | Reached skill level 4 in Unarmed Combat
  1152 | D:2      | Learned a level 2 spell: Sticks to Snakes
  1156 | D:2      | Learned a level 3 spell: Spider Form
  1726 | D:2      | Reached XP level 4. HP: 32/32 MP: 0/7
  1803 | D:2      | Found a sacrificial altar of Ru.
  2119 | D:2      | You fall through a shaft!
  2173 | D:3      | Noticed Schimscham's ghost (amateur BaSu)
  2205 | D:3      | Found a faded altar of an unknown god.
  2298 | D:3      | Reached skill level 5 in Transmutations
  2404 | D:2      | Reached XP level 5. HP: 37/37 MP: 4/8
  2716 | D:3      | Reached skill level 5 in Unarmed Combat
  3048 | D:4      | Noticed a slave
  3241 | D:4      | Noticed Pikel
  3249 | D:3      | Killed a slave
  3365 | D:4      | Noticed a slave
  3365 | D:4      | Noticed a slave
  3365 | D:4      | Noticed a slave
  3380 | D:3      | Killed Pikel
  3380 | D:3      | Reached skill level 8 in Unarmed Combat
  3380 | D:3      | Reached XP level 6. HP: 10/43 MP: 7/9
  3380 | D:3      | Reached XP level 7. HP: 11/48 MP: 7/10
  3616 | D:4      | Noticed Eustachio
  3627 | D:4      | Killed Eustachio
  3627 | D:4      | Reached skill level 9 in Unarmed Combat
  3638 | D:4      | Found a basalt altar of Yredelemnul.
  3745 | D:4      | Noticed Edmund
  3758 | D:4      | Killed Edmund
  3758 | D:4      | Reached XP level 8. HP: 47/54 MP: 8/11
  4017 | D:5      | Entered Level 5 of the Dungeon
  4028 | D:5      | Reached skill level 10 in Unarmed Combat
  4039 | D:5      | Found Tosaz's General Store.
  4053 | D:5      | Noticed VanClaymore's ghost (novice OpTm)
  4061 | D:5      | Slain by a centaur

Skill      XL: |  1  2  3  4  5  6  7  8 |
---------------+-------------------------+-----
Transmutations | 3 4 5 |  5.0
Unarmed Combat | 4 8 9 10 | 10.0
Dodging        | 3 |  3.1
Fighting       | |  1.1
Spellcasting   | |  2.0

Action                   |  1- 3 |  4- 6 |  7- 9 || total
-------------------------+-------+-------+-------++-------
Melee: Unarmed           |    83 |    89 |    43 ||   215
       Headbutt          |     2 |       |       ||     2
       Punch             |     1 |       |       ||     1
 Cast: Beastly Appendage |    13 |       |       ||    13
       Spider Form       |     4 |    18 |     7 ||    29
  Use: Scroll            |       |     5 |     1 ||     6
       Potion            |       |     3 |     2 ||     5
 Stab: Sleeping          |     1 |     1 |       ||     2
       Paralysed         |       |     1 |       ||     1
  Eat: Chunk             |     3 |     8 |     4 ||    15
Armor: Robe              |     9 |    15 |       ||    24
       Skin              |     2 |     4 |     1 ||     7
Dodge: Dodged            |    60 |   102 |    48 ||   210
